 Dungeon Crawl Stone Soup version 0.21.1-1-g345015f (webtiles) character file.

525 wojtek the Cleaver (level 7, -2/58 HPs)
             Began as a Minotaur Fighter on June 30, 2018.
             Slain by an orc priest
             ... wielding a +2 vampiric hand axe
              (3 damage)
             ... on level 4 of the Dungeon.
             The game lasted 00:04:53 (4612 turns).

wojtek the Cleaver (Minotaur Fighter)               Turns: 4612, Time: 00:04:53

Health: -2/58      AC:  8    Str: 22    XL:     7   Next: 2%
Magic:  6/6        EV:  7    Int:  5    God:
Gold:   133        SH:  9    Dex: 10    Spells: 6/6 levels left

rFire    . . .     SeeInvis .   a - +1 war axe
rCold    . . .     Gourm    .   c - +0 shield
rNeg     . . .     Faith    .   b - +0 scale mail
rPois    .         Spirit   .   (helmet restricted)
rElec    .         Reflect  .   (no cloak)
rCorr    .         Harm     .   (no gloves)
MR       .....                  n - +0 pair of boots
Stlth    ..........             (no amulet)
HPRegen  0.19/turn              k - ring of flight
MPRegen  0.10/turn              (no ring)

@: no status effects
A: retaliatory headbutt, horns 2
a: Evoke Flight


You were on level 4 of the Dungeon.
You were hungry.

You visited 1 branch of the dungeon, and saw 5 of its levels.

You collected 133 gold pieces.

Inventory:

Hand Weapons
 a - a +1 war axe (weapon)
Armour
 b - a +0 scale mail (worn)
 c - a +0 shield (worn)
 n - a +0 pair of boots (worn)
Jewellery
 k - a ring of flight (left hand)
Wands
 o - a wand of acid (12)
Scrolls
 e - 2 scrolls of blinking
 i - 3 scrolls of teleportation {unknown}
 j - a scroll of fog {unknown}
 l - 2 scrolls of magic mapping
 m - a scroll of enchant weapon
 p - a scroll of noise {unknown}
 t - 2 scrolls of identify
 v - 2 scrolls of fear {unknown}
 w - a scroll of remove curse {unknown}
Potions
 d - 3 potions of might
 g - 2 potions of haste {unknown}
 h - 2 potions of resistance {unknown}
 q - a potion of degeneration {unknown}
 s - a potion of flight {unknown}
 u - a potion of agility {unknown}
Comestibles
 f - 14 rations


   Skills:
 + Level 3.7 Fighting
 + Level 9.0 Axes
 + Level 3.7 Armour
 + Level 0.5 Dodging
 + Level 3.7 Shields


You had 6 spell levels left.
You didn't know any spells.

Dungeon Overview and Level Annotations

Branches:
Dungeon (5/15)
 Temple: D:4-7

Altars:


Innate Abilities, Weirdness & Mutations

You reflexively headbutt those who attack you in melee.
You have a pair of horns on your head.


Message History

The orc priest hits you but does no damage.
The orc hits you but does no damage.
The orc priest mumbles some strange prayers to Beogh against you.
Beogh smites you!
* * * LOW HITPOINT WARNING * * *
You block the orc priest's attack.
As you read the scroll labeled OXIGRA VEMI, it crumbles to dust.
You feel aware of your surroundings.
It was a scroll of magic mapping.
The orc priest hits you but does no damage.
You block the orc's attack. You block the orc priest's attack.
As you read the scroll labeled KYSIDU DO MIL, it crumbles to dust.
It is a scroll of enchant weapon.
Your +0 war axe glows red for a moment.
The orc hits you but does no damage. You block the orc priest's attack.
The orc priest barely misses you.
As you read the scroll labeled JITEABL VIPT, it crumbles to dust.
It is a scroll of identify.
e - 2 scrolls of blinking The orc hits you but does no damage.
The orc priest hits you with a vampiric hand axe.
You die...

,,,,,,,*,#.# #..........#
*,,,,,,*,#.# #########'##
*,***,**,#.############.# *<*
*,,,,#......>.......#
*********#############..#########
,,,,,,,,,,,,,,...................
*,*********,,,#.######....#######
,,,,,,,**###.##o######....#
*,***,,,,......o@.........# *,*
*,,**###.##o######....# #.#
*,,,**,,,ooo* #....# #.#
*,*,**,%...o* #....# #.#
*,*,*#......######....## #.#
*,*,,#......#..........###### #.#
*,**,#......#..........'..... #.#
*.#*,#......#..........###### #.#
#.#*,***,**,######.#)###


You could see 3 orc priests, an orc wizard and 3 orcs.

Vanquished Creatures
  The ghost of sefi the Magician, an amateur DEFE (D:4)
  An ogre (D:4)
  A scorpion (D:3)
  2 orc priests (D:4)
  An orc wizard (D:4)
  An iguana (D:4)
  A worker ant (D:4)
  5 adders (D:2)
  A worm (D:3)
  2 dart slugs (D:1)
  4 leopard geckos
  13 orcs
  2 ball pythons
  6 bats
  7 giant cockroaches
  11 goblins
  6 hobgoblins
  A quokka (D:4)
  3 frilled lizards
  9 kobolds
  8 rats
86 creatures vanquished.

Vanquished Creatures (others)
  The ghost of eyesofgods1 the Conjurer, an amateur DECj (D:3)
  Ijyb (D:3)
2 creatures vanquished.

Grand Total: 88 creatures vanquished

Notes
Turn   | Place    | Note
-------+----------+-------------------------------------------
     0 | D:1      | wojtek the Minotaur Fighter began the quest for the Orb.
     0 | D:1      | Reached XP level 1. HP: 19/19 MP: 0/0
    52 | D:1      | Reached skill level 3 in Axes
   275 | D:1      | Reached XP level 2. HP: 26/26 MP: 1/1
   680 | D:1      | Reached skill level 4 in Axes
   869 | D:2      | Reached XP level 3. HP: 30/31 MP: 2/2
  1313 | D:2      | Reached skill level 5 in Axes
  1647 | D:2      | Reached XP level 4. HP: 37/39 MP: 3/3
  2070 | D:3      | Killed eyesofgods1's ghost
  2080 | D:3      | Noticed Ijyb
  2131 | D:3      | Reached skill level 6 in Axes
  2131 | D:3      | Reached XP level 5. HP: 13/45 MP: 4/4
  2288 | D:3      | Killed Ijyb
  3538 | D:4      | Noticed sefi's ghost (amateur DEFE)
  3549 | D:4      | Killed sefi's ghost
  3549 | D:4      | Reached skill level 7 in Axes
  3549 | D:4      | Reached XP level 6. HP: 35/51 MP: 5/5
  3734 | D:4      | Reached skill level 8 in Axes
  3919 | D:5      | Entered Level 5 of the Dungeon
  4254 | D:4      | Reached skill level 9 in Axes
  4606 | D:4      | Reached XP level 7. HP: 34/58 MP: 6/6
  4609 | D:4      | HP: 1/58 [orc priest/divine providence (11)]
  4612 | D:4      | Slain by an orc priest

Skill      XL: |  1  2  3  4  5  6 |
---------------+-------------------+-----
Axes           | 3 4 5 6 7 9 |  9.0
Fighting       | |  3.7
Armour         | |  3.7
Dodging        | |  0.5
Shields        | |  3.7

Action                   |  1- 3 |  4- 6 |  7- 9 || total
-------------------------+-------+-------+-------++-------
Melee: War axe           |    70 |   146 |     3 ||   219
       Headbutt          |    11 |    18 |     1 ||    30
  Use: Scroll            |       |       |     3 ||     3
  Eat: Chunk             |     2 |     9 |       ||    11
Armor: Scale mail        |    27 |    47 |     5 ||    79
Dodge: Dodged            |    25 |    42 |     1 ||    68
Block: Shield            |    34 |    66 |     6 ||   106
